Unix NetHack Version 3.7.0-89 Work-in-progress - last build Nov 3 2023 16:47:00 (ea8ed35e81eded05176fbf39db35bf4bcaa3adb9,branch:master). Game began 2023-11-16 01:13:59, ended 2023-11-16 12:18:15. 9629, chaotic male elven Wizard ------- |...._| |.__..| #-.....| ####-----|- # # # # f# # @ # r # #### --.--- |....| |.<..| |....| |....| ------ 9629 the Conjurer St:10 Dx:11 Co:13 In:16 Wi:14 Ch:15 Chaotic Dlvl:4 $:62 HP:0(24) Pw:33(33) AC:8 Xp:3/52 T:1480 Latest messages: You are beginning to feel hungry. The door opens. You hear the splashing of a naiad. Pick an object. What do you want to throw? In what direction? The dagger hits the floating eye. You stop searching. You stop searching. You hit the floating eye. You are frozen by the floating eye's gaze! The wererat changes into a human. The wererat changes into a rat. Wizard needs food, badly! You can move again. What do you want to eat? This lichen corpse tastes okay. You finish eating the lichen corpse. What do you want to eat? This lichen corpse tastes okay. You finish eating the lichen corpse. You miss the floating eye. You kill the floating eye! There is a floating eye corpse here; eat it? [ynq] (n) This floating eye corpse is fatty. You finish eating the floating eye corpse. You feel a strange mental acuity. z - an uncursed dagger (at the ready). You hit the floating eye. You hit the floating eye. You hit the floating eye. The floating eye turns to flee. You are frozen by the floating eye's gaze! The wererat bites! The wererat bites! The wererat bites! The wererat bites! You feel feverish. The wererat bites! The wererat changes into a human. The wererat hits! The wererat changes into a rat. The wererat bites! The wererat changes into a human. The wererat changes into a rat. The wererat bites! The wererat bites! You die... Do you want your possessions identified? [ynq] (y) Do you want to see your attributes? [ynq] (y) Inventory: Coins $ - 62 gold pieces Weapons z - a +0 dagger (at the ready) a - a blessed +1 quarterstaff (weapon in hands) Armor q - an uncursed +0 orcish helm (being worn) b - an uncursed +0 cloak of magic resistance (being worn) Comestibles B - an uncursed candy bar labeled "Snacky Cake" r - 3 uncursed food rations Scrolls i - a blessed scroll of enchant armor k - an uncursed scroll of identify j - an uncursed scroll of light Spellbooks m - an uncursed spellbook of cure sickness C - an uncursed spellbook of cure sickness l - a blessed spellbook of force bolt Potions f - an uncursed potion of blindness h - an uncursed potion of booze s - an uncursed potion of hallucination g - an uncursed potion of monster detection Rings y - a cursed ring of aggravate monster named cursed d - an uncursed ring of polymorph control e - an uncursed ring of warning Wands c - a wand of speed monster (0:7) Tools p - an uncursed leather drum o - an uncursed blindfold t - a cursed lock pick n - a magic marker (0:42) D - an uncursed towel Gems/Stones v - an uncursed amethyst stone w - 2 uncursed worthless pieces of blue glass u - a cursed worthless piece of blue glass 9629 the Wizard's attributes: Background: You were a Conjurer, a level 3 male elven Wizard. You were chaotic, on a mission for Anhur who was opposed by Ptah (lawful) and Thoth (neutral). You were in the Dungeons of Doom, on level 4. You entered the dungeon 1480 turns ago. You had 52 experience points, 28 more were needed to attain level 4. Basics: You had 0 out of 24 hit points. You had all 33 energy points (spell power). Your armor class was 8. Your wallet contained 62 zorkmids. Autopickup was off. Final Characteristics: Your strength was 10 (limit:18). Your dexterity was 11 (limit:18). Your constitution was 13 (limit:16). Your intelligence was 16 (limit:20). Your wisdom was 14 (limit:20). Your charisma was 15 (limit:18). Final Status: You weren't hungry. You were unencumbered. You were wielding a quarterstaff. You had basic skill with quarterstaff. Final Attributes: You were devoutly aligned. You were magic-protected. You were level-drain resistant. You were telepathic. You had infravision. You were warded. You were a wererat. You were harmed by silver. You are dead. Miscellaneous: You never encountered a bones level. Total elapsed playing time was 33 minutes and 38 seconds. Major events: Turn 1: 9629 the chaotic male elven Wizard entered the dungeon 1288: attained the rank of Conjurer (level 3) 1480: killed by a wererat, while frozen by a floating eye's gaze Vanquished creatures: 2 floating eyes 2 hobbits 6 jackals 3 goblins 3 grid bugs 4 lichens 6 newts 26 creatures vanquished. No species were genocided or became extinct. Voluntary challenges: You were illiterate. You never engraved Elbereth. You never genocided any monsters. You never polymorphed an object. You never changed form. You used no wishes. Achievement: You attained the rank of Conjurer. The Dungeons of Doom: levels 1 to 4 Level 1: Some fountains, a sink. Level 2: Level 3: A fountain. Level 4: <- You were here. Many altars. Final resting place for you, killed by a wererat, while frozen by a floating eye's gaze. Game over: ---------- / \ / REST \ / IN \ / PEACE \ / \ | 9629 | | 62 Au | | killed by a | | wererat | | | | | | 2023 | *| * * * | * _________)/\\_//(\/(/\)/\//\/|_)_______ Goodbye 9629 the Wizard... You died in The Dungeons of Doom on dungeon level 4 with 414 points, and 62 pieces of gold, after 1480 moves. You were level 3 with a maximum of 24 hit points when you died.